 Dungeon Crawl Stone Soup version 0.02-122-g12e50fee3c (webtiles) character file.

Game seed: 7683523655808396862, levelgen mode: deterministic

11 nicanaca0 the Insei (level 2, -4/18 HPs) Octopode Transmuter. Began on Oct 26, 2020. Splashed by a jelly's acid (5 damage) ... on level 2 of the Dungeon. The game lasted 00:00:53 (169 turns).

nicanaca0 the Insei (Octopode Transmuter)            Turns: 169, Time: 00:00:53

Health: -4/18      AC:  1    Str:  9    XL:     2 ^: 17
Magic:  4/5        EV: 13    Int: 15    God:
Gold:   2          SH:  0    Dex: 12    Spells: 5/6 levels left

rFire    . . .     Vision   .     - Unarmed
rCold    . . .     Gourm    .     - Unarmed
rNeg     . . .     Faith    .   (helmet restricted)
rPois    .         Spirit   .   (no amulet)
rElec    .         Reflect  .   (no ring)
rCorr    .         Harm     .   (no ring)
MR       .....                  (no ring)
Stlth    +++.......             (no ring)
HPRegen  0.16/turn              (no ring)
MPRegen  0.15/turn              (no ring)
                                (no ring)
                                (no ring)

@: appendage
A: almost no armour, stealthy swim, amphibious, 8 rings, constrict 8, tentacle
spike 3, camouflage 1, gelatinous body 1
a: End Transformation


You were on level 2 of the Dungeon.
You were not hungry.
One of your tentacles had a temporary spike.
You visited 1 branch of the dungeon, and saw 2 of its levels.

You collected 2 gold pieces.

Inventory:

Potions
 a - a potion of might
 c - a potion of heal wounds
Comestibles
 b - a ration


   Skills:
 + Level 1.2 Fighting
 + Level 2.3 Dodging
 * Level 3.5 Unarmed Combat
 + Level 2.6 Spellcasting
 * Level 2.5 Transmutations


You had 5 spell levels left.
You knew the following spells:

 Your Spells              Type           Power        Failure   Level  Hunger
a - Beastly Appendage     Tmut           9 (50)       8%          1    #......

Your spell library contained the following spells:

 Spells                   Type           Power        Failure   Level  Hunger
 Sticks to Snakes         Tmut           9 (100)      11%         2    ###....
 Snakes to Sticks         Hex/Tmut       5 (100)      36%         3    ###....
 Spider Form              Tmut/Pois      5 (200)      36%         3    ###....
 Ice Form                 Ice/Tmut       5 (100)      77%         4    #####..
 Blade Hands              Tmut           9 (200)      90%         5    ######.


Dungeon Overview and Level Annotations

Branches:
Dungeon (2/8)

Altars:


Innate Abilities, Weirdness & Mutations

You cannot wear most types of armour.
You are very stealthy in the water. (Stealth+)
You are amphibious.
You can wear up to eight rings at the same time.
You can use your tentacles to constrict eight enemies at once.
Your skin changes colour to match your surroundings (Stealth+).
Your rubbery body absorbs attacks. (AC +1, EV +1)
One of your tentacles bears a large vicious spike.


Message History

* * * LOW HITPOINT WARNING * * *
The jelly is heavily wounded. (7/17) HP The jelly barely misses you (0).
You aren't carrying any items that you can evoke.
Sorry, you're not good enough to have a special ability.
Casting: Beastly Appendage (safe; 8% risk of failure)
Confirm with . or Enter, or press ? or * to list all spells.
One of your tentacles grows a vicious spike.
The jelly closely misses you (0).
You are too injured to fight recklessly!
You are too injured to fight recklessly!
You tentacle-slap the jelly (2).
Your tentacles burn!
* * * LOW HITPOINT WARNING * * *
The jelly is severely wounded. (5/17) HP You tentacle-slap the jelly (3).
Your tentacles burn!
* * * LOW HITPOINT WARNING * * *
The jelly is almost dead. (2/17) HP You aren't carrying any items that you can evoke.
You tentacle-slap the jelly (1).
Your tentacles burn!
You die...

≈≈.≈≈≈≈≈≈.##
≈..≈≈≈≈≈≈.##
≈.≈≈≈≈≈≈≈≈##
≈.≈≈≈≈≈≈≈≈##
.≈≈≈≈≈≈≈≈≈##
≈≈≈≈≈≈≈≈≈≈##
≈≈≈≈≈≈≈≈≈.##
.......≈..##
###..###@#
#≈#. #J≈#
≈..#≈ ##.#
## .## ≈ .#
≈ ##


You could see a jelly.

Vanquished Creatures
  An ooze (D:2)
  2 bats (D:1)
  A giant cockroach (D:1)
  2 kobolds (D:1)
  A rat (D:1)
7 creatures vanquished.

Vanquished Creatures (others)
  3 kobolds (D:2)
  7 withered plants (D:2)
10 creatures vanquished.

Grand Total: 17 creatures vanquished

Notes
Turn   | Place    | Note
-------+----------+-------------------------------------------
     0 | D:1      | nicanaca0 the Octopode Transmuter began the quest for the
                  | Orb.
     0 | D:1      | Reached XP level 1. HP: 13/13 MP: 3/3
   125 | D:2      | Reached XP level 2. HP: 9/18 MP: 3/5
   169 | D:2      | Splashed by a jelly's acid

Levels and vault maps discovered:
D:1:      lightli_arrival_chessboard, layout_basic
D:2:      layout_sewer, first_ration, serial_shops, shop,
          kennysheep_flooded_box, uniq_ijyb

Action                   || total
-------------------------++-------
Melee: Unarmed           ||    44
       Constrict         ||     5
       Kick              ||     3
       T. Squeeze        ||     3
       T. Smack          ||     1
       T. Thwack         ||     1
 Cast: Beastly Appendage ||     5
 Stab: Sleeping          ||     3
Armor: Skin              ||     2
Dodge: Dodged            ||     8
